cohdb
Replays
Latest Replays
All Replays
Popular Replays
Top Player Replays
Match Explorer
How It Works
Community
CoH3 Stats
Reddit
Sign in to upload your games and track your stats! →
Sign in with Steam
Match 41302304
Unlisted
Match 41302304
Overview
Messages
Build Orders
End
Pioneer Squad
Construct Infanterie Kompanie
Grenadier Squad
Grenadier Squad
MG 42 Machine Gun Team
Selects Terror Battlegroup
Selects Machine Gun Camouflage
Infanterie Officer Quarters
MG 42 Machine Gun Team
Selects Interrogate
Construct Luftwaffe Kompanie
221 Scout Car
Support Elements
Jäger Squad
Wirbelwind Flakpanzer
Selects Defend the Fatherland
Wirbelwind Flakpanzer
Medical Bunker
Side Skirts
[14e]tuveuxdugateaux
MARCO
0
0
Comments
sign in to comment!
No comments posted yet!